 Dungeon Crawl Stone Soup version 0.29.1-4-g47bece8355 (webtiles) character file.

Game seed: 17285449838852040561

26651 Peloso the Fencer (level 13, -8/116 HPs)
             Began as a Minotaur Fighter on Dec 7, 2022.
             Was an Elder of Okawaru.
             Killed from afar by a hellion (40 damage)
             ... with damnation
             ... on level 2 of the Abyss.
             The game lasted 00:40:53 (17499 turns).

Peloso the Fencer (Minotaur Fighter)               Turns: 17499, Time: 00:40:54

Health: -8/116     AC: 27    Str: 23    XL:     13   Next: 0%
Magic:  5/12       EV:  7    Int:  5    God:    Okawaru [****..]
Gold:   972        SH: 13    Dex: 13    Spells: 12/12 levels left

rFire   + . .      SeeInvis .   a - +5 double sword (vorpal)
rCold   + . .      Faith    .   e - +1 kite shield {AC+3}
rNeg    . . .      Spirit   .   u - +3 plate armour {rPois}
rPois   +          Reflect  .   (helmet restricted)
rElec   .          Harm     .   L - scarf {rC+ rF+}
rCorr   .          Rampage  .   (no gloves)
Will    .....                   B - +0 pair of boots
Stlth   ..........              (no amulet)
HPRegen 0.29/turn               f - +4 ring of protection
MPRegen 0.13/turn               r - +4 ring of slaying

@: no status effects
A: horns 2, retaliatory headbutt
a: Renounce Religion, Heroism, Finesse


You were on level 2 of the Abyss.
You worshipped Okawaru.
Okawaru was greatly pleased with you.
You visited 3 branches of the dungeon, and saw 14 of its levels.
You visited the Abyss 2 times.
You also visited: Sewer, Bailey and Gauntlet.

You collected 972 gold pieces.

Inventory:

Hand Weapons
 a - a +5 vorpal double sword (weapon)
 b - a +1 war axe of flaming
 c - a +0 long sword
Armour
 e - a +1 kite shield of protection (worn)
 u - a +3 plate armour of poison resistance (worn)
 B - a +0 pair of boots (worn)
 L - a scarf of resistance (worn)
 M - a +2 plate armour of cold resistance
 N - +1 ice dragon scales
Jewellery
 d - the amulet of Elemental Vulnerability {rPois rF-- rC-- AC+8}
   (You found it in a Gauntlet)

   [amulet of nothing]

   AC:        It affects your AC (+8).
   rF:        It makes you very vulnerable to fire.
   rC:        It makes you very vulnerable to cold.
   rPois:     It protects you from poison.
 f - a +4 ring of protection (left hand)
 j - a ring of positive energy
 k - a ring of willpower
 l - a +4 ring of evasion
 r - a +4 ring of slaying (right hand)
 G - a +4 ring of slaying
 I - an amulet of the acrobat
 O - a ring of positive energy
 P - a ring of ice
Wands
 D - a wand of polymorph (3)
 H - a wand of flame (5)
Scrolls
 g - 3 scrolls of blinking
 h - 2 scrolls of summoning
 i - 2 scrolls of fear
 n - 4 scrolls of magic mapping
 o - 2 scrolls of amnesia
 t - 2 scrolls of enchant armour
 x - 2 scrolls of noise
 A - 5 scrolls of enchant weapon
 J - a scroll of poison
 K - a scroll of teleportation
Potions
 p - 2 potions of magic
 q - a potion of ambrosia
 s - 3 potions of brilliance {unknown}
 v - a potion of invisibility {unknown}
 w - 4 potions of attraction {unknown}
 z - a potion of curing
 C - 3 potions of cancellation {unknown}
 E - 2 potions of degeneration {unknown}
 F - a potion of lignification {unknown}
Miscellaneous
 y - a tin of tremorstones (2/2)


   Skills:
 + Level 11.5 Fighting
 + Level 16.3 Long Blades
 + Level 1.3 Axes
 + Level 12.7 Armour
 + Level 3.6 Dodging
 + Level 2.3 Stealth
 + Level 12.1 Shields
 + Level 0.2 Invocations
 + Level 0.4 Evocations


You had 12 spell levels left.
You didn't know any spells.
Your spell library contained the following spells:

 Spells                   Type           Power      Damage    Failure   Level
 Beastly Appendage        Tmut           0%         N/A       100%        1
 Freeze                   Ice            0%         1d3       100%        1
 Magic Dart               Conj           0%         1d3       100%        1
 Necrotise                Necr           0%         1d4       100%        1
 Sandblast                Erth           0%         2d4       100%        1
 Blink                    Tloc           0%         N/A       100%        2
 Passwall                 Tmut/Erth      0%         N/A       100%        2
 Scorch                   Fire           0%         2d5       100%        2
 Searing Ray              Conj           0%         2d4       100%        2
 Wereblood                Tmut           0%         N/A       100%        2
 Conjure Flame            Conj/Fire      0%         6-21      100%        3
 Frozen Ramparts          Ice            0%         1d1       100%        3
 Ignite Poison            Fire/Tmut/Pois 0%         N/A       100%        3
 Lesser Beckoning         Tloc           0%         N/A       100%        3
 Portal Projectile        Hex/Tloc       0%         N/A       100%        3
 Spider Form              Tmut/Pois      0%         N/A       100%        3
 Stone Arrow              Conj/Erth      0%         3d7       100%        3
 Vampiric Draining        Necr           0%         2d6       100%        3
 Fulminant Prism          Conj/Hex       0%         3d6       100%        4
 Hailstorm                Conj/Ice       0%         3d3       100%        4
 Leda's Liquefaction      Hex/Erth       0%         N/A       100%        4
 Passage of Golubria      Tloc           0%         N/A       100%        4
 Sticky Flame             Conj/Fire      0%         2d3       100%        4
 Agony                    Necr           0%         N/A       100%        5
 Alistair's Intoxication  Tmut/Pois      0%         N/A       100%        5
 Borgnjor's Vile Clutch   Necr/Erth      0%         N/A       100%        5
 Manifold Assault         Tloc           0%         N/A       100%        5
 Silence                  Hex/Air        0%         N/A       100%        5
 Eringya's Noxious Bog    Tmut/Pois      0%         N/A       100%        6
 Lehudib's Crystal Spear  Conj/Erth      0%         10d2      100%        8
 Chain Lightning          Conj/Air       0%         N/A       100%        9
 Call Canine Familiar     Summ           Unusable   N/A       N/A         3

Dungeon Overview and Level Annotations

Branches:
Dungeon (11/15)            Temple (1/1) D:7            Lair (2/5) D:9
  Sewer (visited)          Bailey (visited)         Gauntlet (visited)
  Swamp: Lair:2-3    Shoals: Lair:2-3     Snake: Lair:2-3    Spider: Lair:2-3
    Orc: D:9-12

Altars:
Ashenzari
Cheibriados
Dithmenos
Elyvilon
Fedhas
Gozag
Hepliaklqana
Kikubaaqudgha
Makhleb
Nemelex Xobeh
Okawaru
Qazlal
Ru
Sif Muna
Trog
Uskayaw
Vehumet
Wu Jian
Xom
Yredelemnul
Zin
The Shining One

Shops:
D:6 ([

Portals:
Trove: D:10 (give +4 fire dragon scales)

Annotations:
Lair:2 Sonja


Innate Abilities, Weirdness & Mutations

You have a pair of horns on your head.
You reflexively headbutt those who attack you in melee.


Message History

You slash the large abomination!
You destroy the large abomination!
Okawaru is honoured by your kill. You block the iron imp's attack.
You closely miss the iron imp. You headbutt the iron imp!
The iron imp is severely wounded.
The iron imp sputters.
You block the iron imp's attack.
You hit the iron imp.
The iron imp is severely wounded.
You slash the iron imp!
You kill the iron imp!
Okawaru accepts your kill.
A large abomination comes into view.
You block the large abomination's attack.
You slash the large abomination!
The large abomination is moderately damaged.
You block the large abomination's attack.
You slice the large abomination!!
The large abomination is almost destroyed.
The large abomination hits you!!
* * * LOW HITPOINT WARNING * * *
You barely miss the large abomination.
Your headbutt misses the large abomination.
The large abomination is almost destroyed.
You block the large abomination's attack.
You slice the large abomination!!
You destroy the large abomination!
Okawaru accepts your kill.
You have reached level 13!
You can't go up here!
You feel better.
You feel better.
Found a corrupted altar of Lugonu.
A hellion comes into view.
The hellion gives a hideous shriek!
You feel better. The hellion gestures at you.
The sphere of damnation explodes!
The damnation engulfs you!!!
You die...

## ## ##...# . . . ...
. ####.#..# ..###
#...#.#..##..#.#...#.#
...2.##.....#.# ..#.
.. #.#....#..####.
.###2##_#... .....
###.#..#.###.###...#.
#...#..#. .# #...#..
#@#.#. #. # ..#.#
#.....###. # ##...
#.##### #. .. .. ## ##
. . . #.# #. #


You could see a hellion.

Vanquished Creatures
  An orc warlord (Bailey)
  A lorocyproca (Abyss:2)
  A minotaur (Gauntlet)
  A catoblepas (Gauntlet)
  A hydra (Lair:1)
  3 two-headed ogres (D:10)
  2 large abominations (Abyss:2)
  A thrashing horror (Abyss:1)
  Pikel (D:6)
  An orc knight (Bailey)
  A manticore (D:11)
  A rust devil (Gauntlet)
  2 molten gargoyles (Gauntlet)
  2 gargoyles (Gauntlet)
  2 cane toads (Lair:1)
  A rime drake (Lair:1)
  4 komodo dragons (Lair:1)
  An ice devil (Gauntlet)
  A hornet (D:8)
  A troll (D:6)
  4 blink frogs (Lair:1)
  A stone giant simulacrum (Abyss:2)
  A shadow (D:10)
  A ynoxinul (Gauntlet)
  Sigmund (D:6)
  31 yaks
  A basilisk (Lair:1)
  A wraith (D:9)
  3 wyverns
  2 acid dragons
  5 water moccasins
  16 orc warriors
  5 black bears
  3 ice beasts
  3 ogres
  2 centaurs
  7 wolves (Lair:1)
  4 lemures (D:6)
  6 kobold brigands
  A phantom (D:6)
  11 bullfrogs
  2 scorpions (D:5)
  A necrophage (D:6)
  5 wights (D:9)
  13 killer bees
  4 howler monkeys
  6 hounds
  4 jellies
  12 orc priests
  4 iron imps
  A gnoll bouda (D:6)
  7 iguanas
  10 orc wizards
  Robin (D:3)
  12 gnolls
  3 river rats (Sewer)
  12 adders
  4 white imps
  2 ufetubi
  4 worms
  4 dart slugs
  76 orcs
  11 ball pythons
  2 bats (D:1)
  18 endoplasms
  5 giant cockroaches
  28 goblins
  22 hobgoblins
  10 jackals
  30 kobolds
  5 quokkas
  8 frilled lizards
  7 rats
471 creatures vanquished.

Vanquished Creatures (others)
  24 fungi
  13 plants
37 creatures vanquished.

Grand Total: 508 creatures vanquished

Notes
Turn   | Place    | Note
-------+----------+-------------------------------------------
     0 | D:1      | Peloso the Minotaur Fighter began the quest for the Orb.
     0 | D:1      | Reached XP level 1. HP: 19/19 MP: 0/0
   209 | D:1      | Reached XP level 2. HP: 24/27 MP: 1/1
   903 | D:2      | Reached XP level 3. HP: 32/33 MP: 2/2
   994 | D:2      | Found a faded altar of an unknown god.
  1329 | D:2      | Reached skill level 3 in Long Blades
  1500 | D:3      | Noticed Robin
  1670 | D:2      | Reached XP level 4. HP: 28/40 MP: 3/3
  1814 | D:3      | Killed Robin
  2180 | D:3      | Found a hazy altar of Hepliaklqana.
  2235 | D:3      | Reached skill level 4 in Long Blades
  2327 | D:3      | Found a burning altar of Makhleb.
  2330 | D:3      | Found a sparkling altar of Nemelex Xobeh.
  2584 | D:3      | Reached XP level 5. HP: 32/46 MP: 4/4
  3055 | D:4      | Reached skill level 5 in Shields
  3162 | D:4      | Found a glowing drain.
  3166 | Sewer    | Entered a sewer
  3191 | Sewer    | Reached skill level 5 in Armour
  3754 | Sewer    | Reached XP level 6. HP: 49/53 MP: 5/5
  3802 | Sewer    | Reached skill level 5 in Long Blades
  3901 | Sewer    | Found a viscous altar of Jiyva.
  4442 | D:4      | Reached skill level 5 in Fighting
  4442 | D:4      | Reached XP level 7. HP: 59/61 MP: 6/6
  4599 | D:4      | Reached skill level 6 in Long Blades
  4901 | D:5      | Entered Level 5 of the Dungeon
  4917 | D:5      | Reached skill level 1 in Dodging
  5086 | D:5      | Found an ornate altar of the Wu Jian Council.
  5154 | D:5      | Reached skill level 7 in Long Blades
  5371 | Abyss:1  | Cast into level 1 of the Abyss (orc)
  5425 | Abyss:1  | Noticed a thrashing horror
  5438 | Abyss:1  | Killed a thrashing horror
  5439 | Abyss:1  | Reached skill level 8 in Long Blades
  5439 | Abyss:1  | Reached skill level 1 in Stealth
  5439 | Abyss:1  | Reached XP level 8. HP: 18/70 MP: 7/7
  5441 | D:5      | Escaped the Abyss
  6525 | D:6      | Reached skill level 9 in Long Blades
  6826 | D:6      | Reached XP level 9. HP: 44/78 MP: 8/8
  6997 | D:6      | Found Ibohol's Armour Shop.
  7314 | D:6      | Noticed Sigmund
  7321 | D:6      | Killed Sigmund
  7436 | D:6      | Reached skill level 10 in Long Blades
  7655 | D:6      | Noticed Pikel
  7667 | D:6      | Killed Pikel
  7832 | D:6      | Found Izits's Weapon Emporium.
  8026 | D:6      | Noticed a troll
  8033 | D:6      | Killed a troll
  8034 | D:6      | Reached skill level 11 in Long Blades
  8738 | D:7      | Found a staircase to the Ecumenical Temple.
  8757 | D:7      | Reached XP level 10. HP: 88/88 MP: 9/9
  8759 | Temple   | Entered the Ecumenical Temple
  9524 | D:8      | Found a flagged portal.
  9555 | Bailey   | Entered a bailey
  9681 | Bailey   | Reached skill level 12 in Long Blades
  9767 | Bailey   | Noticed an orc knight
  9801 | Bailey   | Killed an orc knight
 10417 | Bailey   | Noticed an orc warlord
 10451 | Bailey   | Killed an orc warlord
 10452 | Bailey   | Reached skill level 10 in Armour
 11167 | D:8      | Reached skill level 13 in Long Blades
 11425 | D:8      | Reached XP level 11. HP: 95/95 MP: 10/10
 11684 | D:8      | Found a radiant altar of Vehumet.
 12025 | D:9      | Found a staircase to the Lair.
 12829 | D:10     | Entered Level 10 of the Dungeon
 13402 | D:9      | Found a hide-covered altar of Uskayaw.
 13635 | D:11     | Found a gate leading to a gauntlet.
 13644 | Gauntlet | Entered a Gauntlet
 13644 | Gauntlet | Found a transporter.
 13644 | Gauntlet | Found a transporter.
 13653 | Gauntlet | Found a transporter.
 13653 | Gauntlet | Found the amulet of Elemental Vulnerability {rPois rF--
                  | rC-- AC+8}
 13657 | Gauntlet | Found a transporter.
 13670 | Gauntlet | Found a transporter.
 13673 | Gauntlet | Found a transporter.
 13677 | Gauntlet | Noticed a catoblepas
 13688 | Gauntlet | Found a transporter.
 13701 | Gauntlet | Found a transporter.
 13702 | Gauntlet | Noticed a death drake
 13706 | Gauntlet | Found a transporter.
 13724 | Gauntlet | Found a transporter.
 13728 | Gauntlet | Found a runed translucent door.
 13728 | Gauntlet | Found a runed translucent door.
 13732 | Gauntlet | Found a transporter.
 13736 | Gauntlet | Found a transporter.
 13856 | Gauntlet | Acquired a +5 double sword of distortion
 13942 | Gauntlet | Reached skill level 14 in Long Blades
 13946 | Gauntlet | Reached skill level 10 in Shields
 14104 | Gauntlet | Killed a catoblepas
 14277 | Gauntlet | Noticed a minotaur
 14301 | Gauntlet | Killed a minotaur
 14302 | Gauntlet | Reached skill level 10 in Fighting
 14333 | Gauntlet | Got Sif Muna's Monograph on Torrid Confrontation
 14650 | D:10     | Reached XP level 12. HP: 93/106 MP: 11/11
 14779 | D:10     | Found an iron altar of Okawaru.
 14796 | D:10     | Found a shimmering blue altar of Sif Muna.
 14812 | D:10     | Found a portal to a secret trove of treasure.
 14878 | D:10     | Became a worshipper of Warmaster Okawaru
 14913 | D:10     | Noticed a two-headed ogre
 14921 | D:10     | Killed a two-headed ogre
 15040 | D:10     | Noticed a two-headed ogre
 15046 | D:10     | Killed a two-headed ogre
 15047 | D:10     | Reached skill level 15 in Long Blades
 15084 | D:10     | Noticed a two-headed ogre
 15091 | D:10     | Killed a two-headed ogre
 15091 | D:10     | Reached * piety under Okawaru
 15488 | Lair:1   | Entered Level 1 of the Lair of Beasts
 15766 | Lair:1   | Reached ** piety under Okawaru
 16370 | Lair:1   | Reached *** piety under Okawaru
 16435 | Lair:1   | Reached skill level 16 in Long Blades
 16740 | Lair:1   | Noticed a six-headed hydra
 16751 | Lair:1   | Killed a one-headed hydra
 17301 | Lair:2   | Noticed Sonja
 17321 | Lair:2   | Reached skill level 1 in Axes
 17361 | Abyss:2  | Cast into level 2 of the Abyss (Sonja)
 17433 | Abyss:2  | Noticed a starcursed mass
 17455 | Abyss:2  | Killed a lorocyproca
 17455 | Abyss:2  | Reached **** piety under Okawaru
 17475 | Abyss:2  | HP: 1/110 [large abomination (20)]
 17478 | Abyss:2  | Reached XP level 13. HP: 2/116 MP: 2/12
 17491 | Abyss:2  | Found a corrupted altar of Lugonu.
 17499 | Abyss:2  | Killed from afar by a hellion

Illustrated notes

Levels and vault maps discovered:
D:1:      lightli_arrival_boilingwater, layout_basic
D:2:      layout_rooms, hellmonk_ecumenical_altar_blasted
D:3:      layout_basic, nicolae_overflow_hidden_temple, uniq_robin
D:4:      minmay_chambers_of_threes, layout_basic, portal_sewer_entry_e,
          bh_walls_and_bars
D:5:      layout_cave_pods, pdpol_wu_jian_five_deadly_venoms
D:6:      layout_loops_corners, serial_shops, shop, nicolae_shop_stone,
          kb_rosetta, uniq_pikel, uniq_sigmund
D:7:      layout_rooms, minmay_temple_entry_antechambers
D:8:      layout_gridville, mainiacjoe_overflow_alcove_4, enter_bailey_5
D:9:      layout_roguey [special_room_orc], nicolae_uskayaw_suspiria,
          grunt_lair_entry_orc_guard_hut, kennysheep_generic_room_6
D:10:     layout_roguey, mainiacjoe_overflow_catwalk_spiral,
          nicolae_trove_entry_isolated, grunt_decor_one_mirror
D:11:     layout_stronghold, gauntlet_entry_generic, uniq_amaemon
Temple:   jpeg_temple_clearing
Lair:1:   beast_lair_carwin_large_3, layout_loops_ring, serial_rivers,
          chequers_serial_rivers_small_3, chequers_serial_rivers_room_a,
          chequers_serial_rivers_micro_a, chequers_serial_rivers_micro_e
Lair:2:   layout_chaotic_city, basic_altar, uniq_sonja
Abyss:2:  base: D:2, hangedman_illusive_loot

Skill      XL: |  1  2  3  4  5  6  7  8  9 10 11 12 |
---------------+-------------------------------------+-----
Fighting       | 4 5 6 7 8 10 11 | 11.5
Shields        | 4 5 6 7 8 10 12 | 12.1
Armour         | 4 5 6 7 9 10 11 12 | 12.7
Long Blades    | 3 4 5 8 9 11 13 14 16 | 16.3
Dodging        | 1 2 3 |  3.6
Stealth        | 1 2 |  2.3
Axes           | 1 |  1.3
Invocations    | |  0.2
Evocations     | |  0.4

Action                   |  1- 3 |  4- 6 |  7- 9 | 10-12 | 13-15 || total
-------------------------+-------+-------+-------+-------+-------++-------
Melee: Long sword        |    93 |   156 |   286 |   496 |       ||  1031
       Headbutt          |    11 |    31 |    53 |   200 |       ||   295
       Double sword      |       |       |       |   292 |       ||   292
       War axe           |       |       |       |     8 |       ||     8
Invok: Heroism           |       |       |       |     2 |       ||     2
Evoke: Wand              |       |       |       |     3 |       ||     3
  Use: Scroll            |     2 |     3 |     4 |    13 |       ||    22
       Potion            |       |       |     1 |    12 |     3 ||    16
Armor: Scale mail        |    31 |       |       |       |       ||    31
       Chain mail        |    36 |   105 |   170 |    66 |       ||   377
       Plate armour      |       |       |       |   285 |       ||   285
Dodge: Dodged            |    58 |    65 |   119 |   182 |       ||   424
Block: Buckler           |    23 |    40 |    73 |     3 |       ||   139
       Kite shield       |       |       |       |   400 |       ||   400
